 Dungeon Crawl Stone Soup version 0.26-a0-778-g3fe0686644 (webtiles) character file.

Game seed: 11757200813530244576

107 mandarbmax the Insei (level 4, -10/28 HPs)
             Began as an Octopode Transmuter on Nov 10, 2020.
             Mangled by an orc warrior
             ... wielding a +0 trident
              (18 damage)
             ... on level 3 of the Dungeon.
             The game lasted 00:03:56 (3173 turns).

mandarbmax the Insei (Octopode Transmuter)          Turns: 3173, Time: 00:03:56

Health: -10/28     AC:  2    Str:  9    XL:     4   Next: 86%
Magic:  2/7        EV: 19    Int: 16    God:
Gold:   108        SH:  0    Dex: 17    Spells: 1/7 levels left

rFire    . . .     SeeInvis .     - Unarmed
rCold    . . .     Faith    .   (shield currently unavailable)
rNeg     . . .     Spirit   .   (helmet currently unavailable)
rPois    x         Reflect  .   b - amulet of inaccuracy (curse)
rElec    .         Harm     .   (no ring)
rCorr    .         Rampage  .   (no ring)
MR       .....                  (no ring)
Stlth    +++.......             (no ring)
HPRegen  0.09/turn              (no ring)
MPRegen  0.10/turn              (no ring)
                                (no ring)
                                (no ring)

@: spider-form (expiring)
A: tiny, almost no armour, stealthy swim, (amphibious), 8 rings, (constrict 8)
a: End Transformation


You were on level 3 of the Dungeon.
You were a venomous arachnid creature.
You visited 1 branch of the dungeon, and saw 3 of its levels.

You collected 108 gold pieces.

Inventory:

Jewellery
 b - a cursed amulet of inaccuracy (around neck)
Potions
 a - a potion of degeneration {unknown}
 c - a potion of berserk rage
 d - a potion of heal wounds {unknown}
 e - a potion of haste {unknown}
 f - a potion of curing {unknown}
 g - a potion of brilliance {unknown}
 h - a potion of might {unknown}


   Skills:
 - Level 1.0 Fighting
 - Level 2.0 Dodging
 + Level 3.3 Stealth
 - Level 4.0 Unarmed Combat
 - Level 2.0 Spellcasting
 + Level 3.1 Transmutations
 + Level 0.5 Poison Magic


You had one spell level left.
You knew the following spells:

 Your Spells              Type           Power        Failure   Level
a - Beastly Appendage     Tmut           ##....       17%         1
b - Wereblood             Tmut           ##......     22%         2
c - Spider Form           Tmut/Pois      #.........   50%         3

Your spell library contained the following spells:

 Spells                   Type           Power        Failure   Level
 Ice Form                 Ice/Tmut       #.......     88%         4
 Blade Hands              Tmut           ##........   95%         5


Dungeon Overview and Level Annotations

Branches:
Dungeon (3/15)

Altars:


Innate Abilities, Weirdness & Mutations

You cannot wear most types of armour.
You are very stealthy in the water. (Stealth+)
((You are amphibious.))
You can wear up to eight rings at the same time.
((You can use your tentacles to constrict eight enemies at once.))
((Your skin changes colour to match your surroundings (Stealth+).))
((Your rubbery body absorbs attacks. (AC +1, EV +1)))


Message History

The jackal closely misses you. The jackal misses you.
You closely miss the jackal. The jackal closely misses you.
Unknown command.
You hit the jackal.
The jackal is heavily wounded.
The jackal completely misses you.
Your magical contamination has completely faded away.
You closely miss the jackal.
The jackal is heavily wounded.
The jackal barely misses you. The jackal closely misses you.
You bite the jackal!
You kill the jackal!
The orc warrior barely misses you.
The orc warrior hits you with a +0 trident!!
Ouch! That really hurt!
* * * LOW HITPOINT WARNING * * *
You see here a jackal corpse.
The orc warrior hits you from afar with a +0 trident!!
Ouch! That really hurt!
You die...

#####.####.###.#####.#
#.####.###.#####.# ###
####.#...........##.# ..#
#.......#.†####..##.# #.#
####.##.......####..##.. ..#
#................#..#### ..#
######.##.#.......)##.....(..
..#
#.......#.#.###.##.......####
..# #.##......<.s...##.......#
#####.##.#..#)#†#########.####
.........#..#.#o# ##.##
#####)####......# #...#
####.......#.#### #...#
#...............# #...#
#........##...o.# #####.(.#####
#........##....h###...........##
#......(.........o..............


You could see an orc warrior.

Vanquished Creatures
  A bullfrog skeleton (D:3)
  2 adders (D:2)
  A worm (D:2)
  2 dart slugs (D:1)
  A leopard gecko (D:2)
  3 orcs
  A ball python (D:3)
  2 giant cockroaches
  9 goblins
  3 hobgoblins
  A jackal (D:3)
  3 kobolds
  A quokka (D:2)
  9 bats
  4 frilled lizards (D:2)
  9 rats
52 creatures vanquished.

Notes
Turn   | Place    | Note
-------+----------+-------------------------------------------
     0 | D:1      | mandarbmax the Octopode Transmuter began the quest for the
                  | Orb.
     0 | D:1      | Reached XP level 1. HP: 13/13 MP: 3/3
   203 | D:1      | Reached XP level 2. HP: 2/18 MP: 3/5
   459 | D:1      | Learned a level 2 spell: Wereblood
  1034 | D:1      | Reached skill level 4 in Unarmed Combat
  1070 | D:2      | Reached skill level 1 in Stealth
  1070 | D:2      | Reached XP level 3. HP: 18/23 MP: 6/6
  2242 | D:2      | Reached XP level 4. HP: 21/28 MP: 4/7
  2385 | D:2      | Learned a level 3 spell: Spider Form
  2885 | D:3      | Noticed an orc warrior
  3173 | D:3      | Mangled by an orc warrior

Illustrated notes

Levels and vault maps discovered:
D:1:      lordsloth_arrival_two_stooges, layout_basic, minmay_misc_feat_rows
D:2:      layout_loops_ring
D:3:      layout_loops_cross

Skill      XL: |  1  2  3  4 |
---------------+-------------+-----
Unarmed Combat | 4 |  4.0
Stealth        | 1 2 3 |  3.3
Transmutations | 3 |  3.1
Fighting       | |  1.0
Dodging        | |  2.0
Spellcasting   | |  2.0
Poison Magic   | |  0.5

Action                   |  1- 3 |  4- 6 || total
-------------------------+-------+-------++-------
Melee: Unarmed           |    86 |    48 ||   134
       Constrict         |    25 |     4 ||    29
       Tentacles         |    16 |     3 ||    19
       Kick              |    13 |     1 ||    14
       Punch             |     2 |     1 ||     3
 Cast: Beastly Appendage |    26 |     7 ||    33
       Wereblood         |     1 |     2 ||     3
       Spider Form       |       |     3 ||     3
  Use: Scroll            |     1 |     2 ||     3
 Stab: Sleeping          |     9 |     2 ||    11
Armor: Skin              |     7 |    14 ||    21
Dodge: Dodged            |    52 |    60 ||   112

Table legend: (Time is in decaauts)
 A = Elapsed time spent in this place.
 B = Non-inter-level travel time spent in this place.
 C = Inter-level travel time spent in this place.
 D = Time resting spent in this place.
 E = Time spent auto-exploring this place.
 F = Levels seen in this place.
 G = Mean time per level.
                   A        B        C        D        E       F      G
               +--------+--------+--------+--------+--------+-----+--------+
         Total |   3165 |   3134 |     31 |    712 |   2032 |   3 | 1055.0 |
       Dungeon |   3165 |   3134 |     31 |    712 |   2032 |   3 | 1055.0 |
               +--------+--------+--------+--------+--------+-----+--------+

Top non-repeatable levels by time:
     D:2: 1641 daAuts
     D:1: 1064 daAuts
     D:3: 459 daAuts
